AoeStats
← Iguano Pop

Fortress

507892031Analyzed
2v2 RM · 12d ago on Sep 20, 2026· 39m 13s· 4 players
Game mode
Random Map
Map size
Normal (6 player)
Population
200
Speed
Normal
Resources
Standard
Victory
Conquest
Starting age
Dark Age
Ending age
Imperial Age
RankedLock teamsTeams togetherTeam positionsShared explorationLock speedFull tech treeHidden civsTurbo modeCheats
Victory
Defeat
🇨🇳 Dravidians · China
1355
+16
🇲🇽 Britons · Mexico
1296
+18
🇷🇺 Ethiopians · Russia
1428
-20
🇲🇽 Hindustanis · Mexico
1266
-14
1979Old-Wang
0:27 Loom
6:31 Feudal Age
6:58 Double-Bit Axe
7:18 Horse Collar
13:04 Castle Age
14:03 Bow Saw
14:28 Heavy Plow
15:57 Wheelbarrow
19:48 Hand Cart
25:51 Imperial Age
23:33 Pikeman
24:14 Squires
25:42 Scale Mail Armor
25:53 Forging
27:03 Wootz Steel
27:04 Conscription
26:08 Halberdier
28:04 Chain Mail Armor
28:55 Iron Casting
29:24 Plate Mail Armor
29:59 Two-Man Saw
29:15 Man-at-Arms
29:42 Gambesons
29:43 Arson
29:56 Long Swordsman
30:32 Two-Handed Swordsman
32:51 Blast Furnace
33:37 Ballistics
34:18 Chemistry
33:18 Fletching
33:28 Padded Archer Armor
33:17 Elite Elephant Archer
33:19 Elite Skirmisher
33:56 Champion
34:55 Bodkin Arrow
35:15 Leather Archer Armor
36:36 Bracer
37:06 Ring Archer Armor
Iguano Pop
7:26 Feudal Age
6:22 Loom
11:39 Castle Age
10:50 Gold Mining
10:46 Double-Bit Axe
11:26 Fletching
20:05 Bodkin Arrow
21:03 Town Watch
20:50 Crossbowman
25:36 Padded Archer Armor
26:38 Horse Collar
29:41 Wheelbarrow
29:08 Town Patrol
34:24 Imperial Age
32:11 Hand Cart
34:59 Leather Archer Armor
36:11 Chemistry
34:40 Arbalester
35:21 Bracer
35:57 Conscription
36:10 Masonry
40:01 Architecture
BlankZombie18
7:43 Feudal Age
11:40 Castle Age
10:10 Double-Bit Axe
10:06 Horse Collar
14:15 Wheelbarrow
17:00 Loom
18:35 Town Watch
19:14 Hand Cart
19:47 Bow Saw
20:27 Town Patrol
23:53 Grand Trunk Road
26:33 Imperial Age
24:30 Scale Barding Armor
24:35 Forging
24:30 Fletching
24:58 Heavy Plow
24:48 Gold Mining
24:50 Stone Mining
25:51 Husbandry
26:02 Bloodlines
26:08 Light Cavalry
26:57 Siege Elephant
27:06 Elite Skirmisher
29:35 Chemistry
28:55 Ballistics
28:31 Murder Holes
28:46 Masonry
29:36 Padded Archer Armor
30:13 Iron Casting
29:58 Chain Barding Armor
30:20 Bodkin Arrow
30:42 Leather Archer Armor
30:27 Scale Mail Armor
30:47 Leather Archer Armor
31:59 Guard Tower
32:33 Shatagni
32:53 Conscription
34:35 Hussar
39:04 Plate Barding Armor
39:29 Blast Furnace
38:30 Bracer
39:00 Ring Archer Armor
YuriiVegas
8:37 Feudal Age
7:39 Loom
9:07 Double-Bit Axe
9:08 Loom
12:17 Castle Age
11:03 Gold Mining
10:55 Horse Collar
11:50 Scale Mail Armor
15:28 Bow Saw
15:22 Town Watch
15:48 Heavy Plow
18:00 Wheelbarrow
26:15 Town Patrol
29:46 Imperial Age
28:05 Stone Mining
29:52 Hand Cart
30:21 Onager
32:14 Guilds
32:10 Torsion Engines
33:27 Chemistry
34:22 Siege Engineers
34:28 Masonry
34:37 Siege Onager
36:53 Conscription
Connection lost

Rejoining the realm…

Still unreachable

The connection could not be restored.

Session expired

The server has moved on; the page needs a fresh start.